 Dungeon Crawl Stone Soup version 0.31.0-12-g77e489cdc1 (webtiles) character file.

Game seed: 1614510416573035800

38 lordive the Twirler (level 3, -2/30 HPs)
             Began as a Minotaur Gladiator on Feb 28, 2024.
             Slain by a gnoll
             ... wielding a +0 long sword
              (9 damage)
             ... on level 2 of the Dungeon.
             The game lasted 00:01:24 (459 turns).

lordive the Twirler (Minotaur Gladiator)             Turns: 459, Time: 00:01:24

Health: -2/30      AC:  6    Str: 18    XL:     3   Next: 25%
Magic:  2/2        EV: 12    Int:  7    God:
Gold:   49         SH:  0    Dex: 11    Spells: 2/2 levels left

rFire   . . .        a - +0 quarterstaff
rCold   . . .        (shield currently unavailable)
rNeg    . . .        b - +0 leather armour
rPois   .            c - +0 hat
rElec   .            (no cloak)
rCorr   .            (no gloves)
SInv    .            h - +2 pair of boots
Will    .....        (no amulet)
Stlth   +            (no ring)
HPRegen 0.25/turn    (no ring)
MPRegen 0.08/turn

%: no passive effects
@: no status effects
A: horns 2, retaliatory headbutt
a: no special abilities


You were on level 2 of the Dungeon.
You visited 1 branch of the dungeon, and saw 2 of its levels.

You collected 49 gold pieces.

Inventory:

Hand Weapons
 a - a +0 quarterstaff (weapon)
Missiles
 d - 3 throwing nets (quivered)
 e - a javelin
Armour
 b - a +0 leather armour (worn)
 c - a +0 hat (worn)
 h - a +2 pair of boots (worn)
Scrolls
 f - 2 scrolls of identify {unknown}
 g - a scroll of teleportation {unknown}
 k - a scroll of fog {unknown}
 l - a scroll of noise {unknown}
 m - a scroll of enchant weapon {unknown}
Potions
 i - 2 potions of haste {unknown}
 j - 2 potions of curing {unknown}


   Skills:
 + Level 2.6 Fighting
 + Level 4.7 Staves
 - Level 2.0 Throwing
 + Level 0.6 Armour
 + Level 3.7 Dodging


You had 2 spell levels left.
You didn't know any spells.
Your spell library was empty.

Dungeon Overview and Level Annotations

Branches:
Dungeon (2/15)

Altars:


Innate Abilities, Weirdness & Mutations

You have a pair of horns on your head.
You reflexively headbutt those who attack you in melee.


Message History

You headbutt the gnoll, but do no damage.
The gnoll is severely wounded.
The gnoll hits you with a +0 flail.
You are too injured to fight recklessly!
You are too injured to fight recklessly!
You are too injured to fight recklessly!
You are too injured to fight recklessly!
You are too injured to fight recklessly!
You are too injured to fight recklessly!
You are too injured to fight recklessly!
You are too injured to fight recklessly!
You are too injured to fight recklessly!
You are too injured to fight recklessly!
You are too injured to fight recklessly!
You are too injured to fight recklessly!
You are too injured to fight recklessly!
Unknown command.
You hit the gnoll but do no damage.
The gnoll is severely wounded.
The gnoll closely misses you. You furiously retaliate!
You headbutt the gnoll!
You kill the gnoll!
You have reached level 3!
Your experience leads to an increase in your attributes!
Increase (S)trength, (I)ntelligence, or (D)exterity?
You feel clever. x2
The gnoll attacks as it pursues you! The gnoll closely misses you.
You see here a throwing net.
You see here a throwing net.
You hit the gnoll. You headbutt the gnoll.
The gnoll is lightly wounded.
The gnoll hits you with a +0 long sword!
* * * LOW HITPOINT WARNING * * *
You closely miss the gnoll.
The gnoll is lightly wounded.
The gnoll hits you with a +0 long sword.
* * * LOW HITPOINT WARNING * * *
You barely miss the gnoll. Your headbutt misses the gnoll.
The gnoll is lightly wounded.
The gnoll hits you with a +0 long sword!
You die...

####.# ..#.# #.#.#
###.#.######## ............
#..########.#.##... .
)..#...........#.####### #
.........).............. .
#........##@#..#.#.#########
#........##g#..#.#.# ##...
#........##g#..#.#.# ###..##
.#................# #.....#
##.##..(..#..#.#.###.#...#
.#.##....(...................
................#.#.#...#..##
....(..).....................
...##......................##


You could see 2 gnolls.

Vanquished Creatures
  A gnoll (D:2)
  An adder (D:2)
  A dart slug (D:2)
  A ribbon worm (D:2)
  2 endoplasms (D:1)
  A goblin (D:2)
  3 hobgoblins (D:1)
  A ball python (D:1)
  2 frilled lizards (D:1)
  3 kobolds (D:1)
16 creatures vanquished.

Notes
Turn   | Place    | Note
-------+----------+-------------------------------------------
     0 | D:1      | lordive the Minotaur Gladiator began the quest for the Orb.
     0 | D:1      | Reached XP level 1. HP: 18/18 MP: 0/0
   225 | D:1      | Reached skill level 4 in Staves
   229 | D:1      | Reached XP level 2. HP: 25/25 MP: 1/1
   450 | D:2      | Reached XP level 3. HP: 13/30 MP: 2/2
   459 | D:2      | Slain by a gnoll

Illustrated notes

Levels and vault maps discovered:
D:1:      lightli_arrival_lavapool, layout_rooms, dreamdust_mushroom_princess,
          minmay_distorted
D:2:      layout_basic, uniq_jessica

Skill      XL: |  1 |
---------------+----+-----
Staves         | 4 |  4.7
Fighting       | |  2.6
Throwing       | |  2.0
Armour         | |  0.6
Dodging        | |  3.7

Action                     || total
---------------------------++-------
  Melee: Quarterstaff      ||    33
         Headbutt          ||     5
 Armour: Leather armour    ||    18
  Dodge: Dodged            ||    22
